 Dungeon Crawl Stone Soup version 0.26.1-11-gd32895ea62 (webtiles) character file.

Game seed: 5801452114592217544

2813 infcreate the Covert (level 9, -1/52 HPs)
             Began as a Vampire Necromancer on July 18, 2021.
             Was a Follower of Kikubaaqudgha.
             Killed from afar by an orc wizard (10 damage)
             ... with a magic dart
             ... on level 12 of the Dungeon.
             The game lasted 00:35:45 (11403 turns).

infcreate the Covert (Vampire Necromancer)         Turns: 11403, Time: 00:35:46

Health: -1/52      AC:  8    Str: 13    XL:     9   Next: 44%
Magic:  13/15      EV: 17    Int: 18    God:    Kikubaaqudgha [*.....]
Gold:   130        SH:  0    Dex: 17    Spells: 2/16 levels left

rFire    + . .     SeeInvis +   k - +5 dagger
rCold    + + .     Faith    .   (no shield)
rNeg     + + +     Spirit   .   a - +0 robe
rPois    ∞         Reflect  .   n - +1 helmet
rElec    .         Harm     .   (no cloak)
rCorr    .         Rampage  .   y - +2 pair of gloves
Will     .....                  q - +0 pair of boots
Stlth    +++++++...             (no amulet)
HPRegen  0.00/turn              S - +6 ring of strength
MPRegen  0.14/turn              F - ring of protection from fire

@: bloodless
A: fangs 3, see invisible, unbreathing
a: Bat Form, Revivify, Renounce Religion, Receive Corpses


You were on level 12 of the Dungeon.
You worshipped Kikubaaqudgha.
Kikubaaqudgha was aware of your devotion.
You visited 2 branches of the dungeon, and saw 12 of its levels.

You collected 448 gold pieces.
You spent 318 gold pieces at shops.


Innate Abilities, Weirdness & Mutations

You do not regenerate when monsters are visible.
You are frail without blood (-20% HP).
You can heal yourself when you bite living creatures.
You are immune to poison.
You have razor-sharp teeth.
You have supernaturally acute eyesight. (SInv)
You can survive without breathing.


   Skills:
 + Level 3.6 Fighting
 + Level 4.4 Short Blades
 * Level 7.0 Dodging
 * Level 10.0 Stealth
 + Level 4.4 Spellcasting
 * Level 8.0 Necromancy


You had 2 spell levels left.
You knew the following spells:

 Your Spells              Type           Power        Failure   Level
a - Animate Skeleton      Necr           66%          1%          1
d - Animate Dead          Necr           16%          4%          4
p - Pain                  Necr           100%         1%          1
v - Vampiric Draining     Necr           16%          1%          3
y - Agony                 Necr           33%          14%         5

Your spell library contained the following spells:

 Spells                   Type           Power        Failure   Level
 Sublimation of Blood     Necr           16%          1%          2
 Corpse Rot               Necr/Air       N/A          4%          2
 Shock                    Conj/Air       16%          14%         1
 Swiftness                Air            4%           22%         2
 Static Discharge         Conj/Air       4%           38%         3
 Airstrike                Air            2%           80%         4
 Lightning Bolt           Conj/Air       2%           98%         5

Inventory:

Hand Weapons
 k - a +5 dagger (weapon)
Armour
 a - a +0 robe (worn)
 n - a +1 helmet (worn)
 q - a +0 pair of boots (worn)
 y - a +2 pair of gloves (worn)
Jewellery
 C - an uncursed ring of protection from cold
 F - a ring of protection from fire (right hand)
 S - a +6 ring of strength (left hand)
Wands
 s - a wand of random effects (11)
 u - a wand of digging (4)
Scrolls
 f - a scroll of fear
 j - 2 scrolls of amnesia
 l - 5 scrolls of remove curse {@r2}
 m - 6 scrolls of identify {@r1}
Potions
 b - 4 potions of might
 c - 6 potions of flight
 d - 2 potions of curing {@q1}
 e - a potion of berserk rage {unknown}
 h - 2 potions of mutation
 o - a potion of magic
 r - a potion of attraction {unknown}
 x - a potion of resistance
 z - 2 potions of brilliance {unknown}

Dungeon Overview and Level Annotations

Branches:
Dungeon (9/15)             Temple (1/1) D:5
   Lair: D:8-11         Orc: D:9-12

Altars:
Cheibriados
Dithmenos
Elyvilon
Gozag
Hepliaklqana
Kikubaaqudgha
Makhleb
Nemelex Xobeh
Okawaru
Qazlal
Ru
Uskayaw
Vehumet
Wu Jian
Xom
Yredelemnul
Zin
The Shining One

Shops:
D:5 ?   D:6 *}[

Annotations:
D:7 Harold

.###.o.........
#........o......
#...|o.o........
#....o..........
#..............#
#..............#
#..............#
#.......@......#
#..............#
#..............#
#..............#
..
#.........(....#
#.####
#......o.......#
#.....
#.....>......(.#
#.....
#......z.......#
#.....
#............(.#
#.....


You could see an orc warrior, a wight, an orc wizard and 4 orcs.


Message History

* * * LOW HITPOINT WARNING * * *
The five-headed hydra barely misses you.
The five-headed hydra bites you!
* * * LOW HITPOINT WARNING * * *
The five-headed hydra barely misses you.
The five-headed hydra completely misses you.
Found a dagger.
The orc completely misses you. The orc misses you. The orc closely misses you.
The orc closely misses you.
As you read the scroll of fear, it crumbles to dust.
You assume a fearsome visage.
The five-headed hydra looks frightened!
The orc looks frightened!
The worker ant looks frightened!
The wight is unaffected. x2
Cornered, the worker ant turns to fight!
Cornered, the orc turns to fight!
You see here 20 arrows.
There is a stone staircase leading down here.
You see here 24 arrows.
An orc wizard comes into view.
It is wielding a +0 dagger. 2 orcs come into view.
Found a short smoking staff.
An orc comes into view. It is wielding a +0 short sword.
An orc warrior comes into view.
It is wielding a +0 short sword and wearing a +0 plate armour of cold resistance.
The orc shouts! x2; The orc wizard shouts!
The orc wizard gestures at you while chanting.
The magic dart hits you!
You die...
Kikubaaqudgha rasps: "You have failed me!
Welcome... oblivion!"

Skill      XL: |  1  2  3  4  5  6  7  8  9 |
---------------+----------------------------+-----
Short Blades   | 1 2 3 4 |  4.4
Stealth        | 4 5 6 7 9 10 | 10.0
Dodging        | 3 4 5 6 7 |  7.0
Fighting       | 1 2 3 |  3.6
Necromancy     | 5 6 7 8 |  8.0
Spellcasting   | 3 4 |  4.4

Action                   |  1- 3 |  4- 6 |  7- 9 || total
-------------------------+-------+-------+-------++-------
Melee: Unarmed           |     3 |       |       ||     3
       Short sword       |     3 |       |       ||     3
       Dagger            |    14 |    55 |    97 ||   166
       Bite              |     1 |     7 |     7 ||    15
 Cast: Pain              |    58 |   113 |   186 ||   357
       Vampiric Draining |       |       |    22 ||    22
 Abil: Exsanguinate      |     1 |       |       ||     1
Evoke: Wand              |       |       |    20 ||    20
  Use: Scroll            |       |     6 |    14 ||    20
 Stab: Sleeping          |     3 |    11 |     9 ||    23
       Paralysed         |       |       |     1 ||     1
Armor: Robe              |     6 |     9 |    32 ||    47
Dodge: Dodged            |    22 |    39 |   184 ||   245

Levels and vault maps discovered:
D:1:      amcnicky_arrival_choice, layout_basic, due_unseen_surprise
D:2:      layout_basic, uniq_jessica
D:3:      layout_rooms, serial_glass, glass_columns_b, glass_columns_c,
          due_unseen_surprise
D:4:      layout_gridville
D:5:      layout_loops_ring, nicolae_overflow_crystal_walls,
          minmay_temple_entry_wispy, serial_shops, nicolae_shop_trees
D:6:      layout_rooms, grunt_temple_overflow_open, serial_shops,
          shop_fountains, nicolae_shop_crystal, kennysheep_mini
D:7:      layout_loops_cross, basic_altar, uniq_harold
D:8:      layout_basic
D:9:      minmay_the_grid_triangle_9x9_recursive_2
          [minmay_the_grid_triangle_9x9_prize_special,
          minmay_the_grid_triangle_9x9_shrine,
          minmay_the_grid_triangle_9x9_thin_v,
          minmay_the_grid_triangle_9x9_limited_checkers], layout_basic,
          lemuel_crystal_altar, ebering_ghost_disaster_area
D:10:     layout_basic
D:12:     minmay_spotlight, layout_long_grid, minmay_fractal_squares_5
Temple:   lightli_temple_of_artemis

Notes
Turn   | Place    | Note
-------+----------+-------------------------------------------
     0 | D:1      | infcreate the Vampire Necromancer began the quest for the
                  | Orb.
     0 | D:1      | Reached XP level 1. HP: 13/13 MP: 3/3
   298 | D:1      | Reached XP level 2. HP: 15/15 MP: 0/5
   300 | D:1      | Learned a level 1 spell: Animate Skeleton
  1026 | D:1      | Reached XP level 3. HP: 18/20 MP: 2/6
  1146 | D:2      | Noticed Jessica
  1148 | D:2      | Killed Jessica
  1149 | D:2      | Reached skill level 1 in Short Blades
  1511 | D:2      | Reached XP level 4. HP: 24/24 MP: 5/7
  1547 | D:2      | Reached skill level 4 in Stealth
  1716 | D:2      | Reached skill level 3 in Dodging
  2054 | D:2      | Reached skill level 1 in Fighting
  2119 | D:2      | Reached skill level 5 in Necromancy
  2696 | D:3      | Reached XP level 5. HP: 29/29 MP: 2/8
  3214 | D:4      | Reached skill level 5 in Stealth
  3339 | D:4      | Noticed an ogre
  3470 | D:4      | Learned a level 3 spell: Vampiric Draining
  3475 | D:4      | Learned a level 4 spell: Animate Dead
  3641 | D:4      | Reached XP level 6. HP: 34/34 MP: 10/10
  3798 | D:5      | Entered Level 5 of the Dungeon
  3953 | D:5      | Reached skill level 2 in Short Blades
  4017 | D:5      | Found a staircase to the Ecumenical Temple.
  4030 | Temple   | Entered the Ecumenical Temple
  4045 | Temple   | Became a worshipper of Kikubaaqudgha
  4081 | D:5      | Reached skill level 4 in Dodging
  4214 | D:5      | Found Ulearus's Magic Scroll Shop.
  4297 | D:5      | Bought a scroll of magic mapping for 38 gold pieces
  4344 | D:5      | Found a glowing silver altar of Zin.
  4456 | D:5      | Reached skill level 3 in Spellcasting
  4804 | D:6      | Found an opulent altar of Gozag.
  4805 | D:6      | Found a snail-covered altar of Cheibriados.
  4805 | D:6      | Found a sparkling altar of Nemelex Xobeh.
  4971 | D:6      | Reached skill level 6 in Stealth
  4971 | D:6      | Reached XP level 7. HP: 33/39 MP: 11/11
  4982 | D:6      | Found Xovaq's Gadget Shoppe.
  4988 | D:6      | Found a white marble altar of Elyvilon.
  5572 | D:6      | Found Gueguz's Antique Armour Shop.
  5580 | D:5      | Reached skill level 2 in Fighting
  5580 | D:5      | Reached skill level 6 in Necromancy
  6004 | D:6      | Found Elouc's Assorted Antiques.
  6062 | D:6      | Reached skill level 5 in Dodging
  6062 | D:6      | Reached skill level 7 in Stealth
  6309 | D:5      | Reached skill level 3 in Short Blades
  6398 | D:6      | Reached XP level 8. HP: 45/45 MP: 9/13
  6658 | D:7      | Found a snail-covered altar of Cheibriados.
  6764 | D:7      | Reached * piety under Kikubaaqudgha
  6764 | D:7      | Identified Kikubaaqudgha's Guide on Sinister Magic
                  | (Kikubaaqudgha gifted it to you on level 7 of the Dungeon)
  6764 | D:7      | Received a gift from Kikubaaqudgha
  6862 | D:7      | Identified the +4 falchion "Iviph" {protect, Dex+3}
  7239 | D:7      | Noticed Harold
  8013 | D:4      | Reached skill level 8 in Stealth
  8129 | D:8      | Learned a level 5 spell: Agony
  8222 | D:8      | Noticed a two-headed ogre
  8346 | D:8      | Reached skill level 7 in Necromancy
  8639 | D:8      | Reached skill level 3 in Fighting
  8639 | D:8      | Reached skill level 6 in Dodging
  8894 | D:8      | Reached skill level 4 in Spellcasting
  9057 | D:6      | Bought a wand of digging (6) for 280 gold pieces
  9484 | D:8      | Reached skill level 9 in Stealth
  9508 | D:7      | HP: 2/46 [shot self (5)]
 10002 | D:8      | Reached XP level 9. HP: 40/51 MP: 15/15
 10165 | D:8      | Reached skill level 4 in Short Blades
 10330 | D:8      | Identified a potion of resistance
 10702 | D:9      | Noticed a two-headed ogre
 10842 | D:9      | Found an ornate altar of the Wu Jian Council.
 11117 | D:9      | Noticed a two-headed ogre
 11140 | D:9      | Noticed a troll
 11180 | D:9      | You fall into a shaft and drop 1 floor!
 11180 | D:10     | Entered Level 10 of the Dungeon
 11190 | D:10     | You fall into a shaft and drop 2 floors!
 11191 | D:12     | Noticed a centaur warrior
 11191 | D:12     | Noticed a troll
 11324 | D:12     | Reached skill level 7 in Dodging
 11324 | D:12     | Reached skill level 10 in Stealth
 11324 | D:12     | Reached skill level 8 in Necromancy
 11341 | D:12     | Noticed a five-headed hydra
 11403 | D:12     | Killed from afar by an orc wizard

Vanquished Creatures
  A wyvern (D:9)
  3 orc warriors
  A sky beast (D:6)
  An ice beast (D:9)
  A black bear (D:6)
  4 ogres
  A necrophage (D:8)
  A centaur (D:8)
  2 big kobolds
  2 bullfrogs
  5 wights
  A bullfrog zombie (D:6)
  A centaur zombie (D:12)
  A centaur skeleton (D:5)
  5 orc priests
  4 hounds
  2 bullfrog skeletons
  6 orc wizards
  Jessica (D:2)
  2 iguanas
  6 worker ants
  A hound skeleton (D:5)
  14 adders
  3 white imps
  An ufetubus (D:6)
  An ooze (D:4)
  2 adder skeletons
  3 worms
  5 dart slugs
  5 leopard geckos
  29 orcs
  7 bats
  5 giant cockroaches
  5 goblins
  13 hobgoblins
  3 jackals
  2 quokkas
  A ball python (D:1)
  A ball python skeleton (D:6)
  5 frilled lizards
  8 kobolds
  5 rats
170 creatures vanquished.

Table legend: (Time is in decaauts)
 A = Elapsed time spent in this place.
 B = Non-inter-level travel time spent in this place.
 C = Inter-level travel time spent in this place.
 D = Time resting spent in this place.
 E = Time spent auto-exploring this place.
 F = Levels seen in this place.
 G = Mean time per level.
                   A        B        C        D        E       F      G
               +--------+--------+--------+--------+--------+-----+--------+
         Total |  11404 |   6753 |   4651 |   4329 |      0 |  12 |  950.3 |
       Dungeon |  11377 |   6750 |   4627 |   4329 |      0 |  11 | 1034.3 |
        Temple |     26 |      2 |     24 |      0 |      0 |   1 |   26.0 |
               +--------+--------+--------+--------+--------+-----+--------+

Top non-repeatable levels by time:
     D:7: 1866 daAuts
     D:5: 1799 daAuts
     D:1: 1495 daAuts
     D:8: 1480 daAuts
     D:4: 1214 daAuts
     D:2: 1195 daAuts
     D:6: 1026 daAuts
     D:3: 594 daAuts
     D:9: 484 daAuts
    D:12: 211 daAuts
  Temple: 26 daAuts
    D:10: 9 daAuts

Table legend:
 A = Non-vault XP
 B = Vault XP
 C = Vault XP percentage of total XP
 D = Non-vault monster count
 E = Vault monster count
 F = Vault count percentage of total count
                 A         B        C        D         E       F
            +---------+---------+-------+---------+---------+-------
      Total |    3794 |     225 |   5.6 |     167 |       3 |   1.8
            +---------+---------+-------+---------+---------+-------
        D:1 |      46 |       0 |   0.0 |      24 |       0 |   0.0
        D:2 |     108 |      37 |  25.5 |      27 |       1 |   3.6
        D:3 |      17 |       0 |   0.0 |       9 |       0 |   0.0
        D:4 |     311 |       0 |   0.0 |      11 |       0 |   0.0
        D:5 |     590 |       0 |   0.0 |      21 |       0 |   0.0
        D:6 |     466 |       0 |   0.0 |      15 |       0 |   0.0
        D:7 |     485 |       0 |   0.0 |      21 |       0 |   0.0
        D:8 |    1208 |       0 |   0.0 |      30 |       0 |   0.0
        D:9 |     518 |       0 |   0.0 |       8 |       0 |   0.0
       D:12 |      45 |     188 |  80.7 |       1 |       2 |  66.7
            +---------+---------+-------+---------+---------+-------
